Map: Shadowed Jungle

Players

Musumeci

  • Race: Zerg Zerg
  • League: Diamond
  • Spawn Location: 5:00

MichyMoko

  • Race: Zerg Zerg
  • Spawn Location: 7:00

Skandal

  • Race: Protoss Protoss
  • League: Diamond
  • Spawn Location: 1:00

Xyphoss

  • Race: Terran Terran
  • League: Platinum
  • Spawn Location: 11:00

VOD

Have the link to the VOD?

Description

Time

  • Played on: Feb. 2, 2017, 3:03 p.m.
  • Length: 13:37
Show
View Real Time Build Order
Export as new Build Order

Musumeci Zerg 

Build Orders: Hatch First 

Get SALT Encoding   

  12  0:07  Drone  
  13  0:08  Drone  
  14  0:22  Drone, Extractor  
  15  0:43  Hatchery  
  15  0:46  Extractor  
  15  0:47  Drone  
  15  1:04  Spawning Pool  
  14  1:26  Overlord  
  14  1:44  Drone  
  14  1:45  Drone  
  16  1:47  Drone  
  17  1:55  Zergling x4  
  19  2:02  Extractor  
  19  2:04  Queen  
  19  2:07  Zergling x4  
  22  2:11  Queen  
  23  2:43  Extractor  
  21  2:44  Drone x2  
  21  2:45  Drone x4, Extractor  
  26  3:21  Zergling x4  
  26  3:23  Overlord  
  26  3:25  Overlord  
  28  3:41  Zergling x18  
  35  4:01  Metabolic Boost  
  34  4:12  Zergling x8  
  34  4:13  Zergling x2  
  37  4:36  Zergling x2  
  37  4:37  Zergling x12  
  43  4:45  Zergling x2  
  37  5:03  Zergling x12  
  38  5:15  Zergling x2  
  38  5:16  Zergling x2  
  40  5:26  Zergling x4  
  40  5:27  Zergling x4  
  44  5:29  Overlord  
  43  5:50  Zergling x12  
  49  6:07  Zergling x6  
  48  6:20  Zergling x10  
  47  6:34  Drone x2  
  47  6:38  Roach Warren  
  47  7:04  Zergling x2  
  47  7:05  Zergling x6  
  47  7:07  Overlord x4  
  51  7:23  Overlord  
  51  7:32  Roach x7  
  61  8:01  Drone x10  
  57  8:26  Ravager x7  
  58  8:27  Roach x6  
  58  8:33  Overlord  
  68  8:40  Overlord  
  68  8:42  Lair  
  68  8:52  Extractor  
  68  8:53  Extractor  
  66  8:57  Ravager  
  66  8:58  Drone x3  
  66  8:59  Drone x3  
  73  9:14  Hatchery  
  67  9:38  Ravager x2  
  67  9:39  Ravager x2  
  70  9:49  Ravager  
  70  9:50  Roach x3  
  77  9:54  Drone x13  
  90  10:00  Drone x2  
  90  10:01  Drone  
  90  10:05  Glial Reconstitution  
  93  10:29  Roach  
  93  10:30  Roach x6  
  107  10:36  Ravager x3  
  110  10:44  Drone x4  
  110  10:47  Queen, Extractor x2  
  110  10:48  Overlord  
  114  11:05  Queen  
  114  11:07  Ravager x4  
  120  11:12  Evolution Chamber  
  120  11:13  Evolution Chamber  
  118  11:23  Roach x2  
  122  11:34  Overlord x5  
  102  12:12  Roach x3  
  102  12:13  Roach x18  
  100  12:34  Ravager x7  
  100  12:35  Ravager x2  
  110  12:37  Ravager  
  110  12:42  Ravager  
  111  12:48  Ravager  
  90  13:08  Roach x12  
  102  13:29  Ravager  
  102  13:30  Ravager x3  
Show
View Real Time Build Order
Export as new Build Order

MichyMoko Zerg 

Build Orders: Hatch First 

Get SALT Encoding   

  12  0:02  Drone  
  13  0:12  Overlord  
  13  0:20  Drone  
  14  0:33  Drone  
  14  0:34  Drone  
  16  0:37  Drone  
  17  0:57  Hatchery, Drone  
  17  1:14  Spawning Pool  
  17  1:17  Drone  
  17  1:22  Extractor  
  16  1:32  Drone  
  17  1:38  Drone  
  18  1:40  Drone  
  19  1:53  Drone  
  20  2:01  Queen  
  22  2:09  Zergling x2  
  22  2:10  Queen  
  22  2:12  Overlord  
  22  2:13  Zergling x2  
  26  2:18  Zergling x2  
  26  2:22  Drone  
  28  2:32  Drone x2  
  30  2:49  Drone x2  
  32  2:51  Queen  
  34  3:02  Zergling x2  
  34  3:03  Zergling x2  
  36  3:19  Overlord x2  
  36  3:20  Roach Warren  
  36  3:26  Queen  
  34  3:37  Queen  
  34  3:39  Overlord x2  
  34  3:45  Zergling x4  
  34  3:46  Zergling x8  
  33  4:03  Zergling x2  
  33  4:04  Zergling x12  
  38  4:14  Zergling x2  
  38  4:15  Zergling x4  
  35  4:26  Zergling x2  
  35  4:27  Zergling x4  
  29  4:41  Roach x3  
  29  4:43  Roach  
  35  4:54  Queen  
  36  5:01  Zergling x6  
  34  5:15  Drone x2  
  33  5:45  Ravager  
  34  5:54  Zergling x2  
  34  5:55  Zergling x2  
  34  5:56  Overlord x3  
  36  5:57  Overlord  
  36  6:14  Queen, Drone x4  
  42  6:20  Roach x2  
  46  6:27  Roach  
  48  6:41  Drone x5  
  53  6:54  Roach x2  
  57  7:03  Extractor  
  57  7:05  Lair  
  57  7:07  Roach  
  57  7:08  Roach x4  
  66  7:12  Ravager  
  67  7:25  Zergling x2  
  68  8:00  Overlord x3  
  68  8:19  Roach  
  78  8:20  Roach x9  
  78  8:23  Ravager x3  
  91  8:30  Extractor  
  91  8:32  Extractor  
  88  8:42  Roach  
  90  9:16  Roach  
  90  9:17  Hatchery, Overlord x2  
  90  9:18  Overlord x3  
  90  9:22  Queen  
  89  9:40  Roach  
  89  9:41  Roach x7  
  99  10:08  Roach x4  
  99  10:09  Roach x4  
  115  10:31  Hatchery  
  114  10:44  Drone x5  
  114  10:49  Overseer  
  119  10:52  Glial Reconstitution  
  119  10:59  Ravager x4  
  119  11:00  Ravager  
  124  11:25  Roach  
  126  11:26  Roach x3  
  126  11:27  Overlord x2  
  126  11:32  Overlord  
  132  11:45  Drone x4  
  136  11:52  Overseer  
  81  12:34  Zergling x2  
  81  12:35  Zergling x22  
  81  12:36  Zergling x16  
  57  12:47  Roach  
  57  12:48  Roach x2  
  59  12:56  Roach x2  
  50  13:02  Roach  
  45  13:06  Roach  
  43  13:14  Roach  
  43  13:16  Zergling x2  
Show
View Real Time Build Order
Export as new Build Order

Skandal Protoss 

Build Orders:  

Get SALT Encoding   

  12  0:01  Probe (Chrono Boost)  
  13  0:11  Probe (Chrono Boost)  
  14  0:24  Probe (Chrono Boost)  
  14  0:26  Pylon  
  15  0:44  Probe (Chrono Boost)  
  15  0:45  Gateway  
  16  0:59  Probe (Chrono Boost)  
  16  1:02  Pylon  
  16  1:10  Probe (Chrono Boost)  
  17  1:13  Assimilator  
  17  1:21  Probe (Chrono Boost)  
  18  1:32  Gateway  
  18  1:34  Cybernetics Core  
  18  1:41  Probe (Chrono Boost)  
  18  1:45  Assimilator  
  19  2:05  Warp Gate, Probe (Chrono Boost)  
  20  2:19  Probe (Chrono Boost)  
  20  2:21  Pylon  
  21  2:30  Probe (Chrono Boost)  
  21  2:31  Stalker x2  
  26  2:42  Probe (Chrono Boost)  
  27  2:53  Mothership Core (Chrono Boost)  
  29  3:01  Stalker  
  29  3:02  Stalker  
  33  3:18  Robotics Facility  
  33  3:21  Gateway  
  33  3:28  Pylon  
  33  3:45  Stalker x2  
  37  4:28  Adept x2  
  37  4:31  Adept  
  36  4:59  Stalker  
  38  5:07  Warp Prism  
  38  5:21  Nexus  
  38  5:22  Pylon  
  38  5:41  Pylon  
  38  5:48  Immortal  
  42  5:56  Twilight Council  
  42  5:57  Pylon  
  42  6:01  Probe (Chrono Boost)  
  42  6:03  Adept x2  
  47  6:04  Sentry  
  49  6:25  Adept  
  49  6:26  Adept  
  49  6:28  Adept  
  55  6:34  Probe (Chrono Boost)  
  55  6:35  Probe (Chrono Boost)  
  57  6:59  Adept x3  
  63  7:06  Probe (Chrono Boost)  
  63  7:08  Probe (Chrono Boost)  
  65  7:12  Resonating Glaives  
  65  7:15  Immortal  
  69  7:22  Probe (Chrono Boost)  
  71  7:23  Probe (Chrono Boost)  
  71  7:34  Probe (Chrono Boost)  
  71  7:35  Probe (Chrono Boost)  
  73  7:40  Pylon  
  73  7:53  Adept x2  
  77  8:02  Pylon  
  77  8:05  Adept  
  77  8:08  Immortal  
  83  8:13  Pylon  
  83  8:26  Adept x3  
  89  8:53  Gateway  
  89  8:56  Gateway  
  89  8:58  Gateway  
  89  9:00  Gateway  
  89  9:04  Sentry x3  
  91  9:41  Adept  
  91  9:42  Adept x2  
  97  9:48  Immortal  
  101  9:59  Pylon x2  
  101  10:00  Pylon  
  101  10:03  Pylon x2  
  101  10:12  Charge  
  101  10:16  Assimilator  
  101  10:17  Probe (Chrono Boost)  
  101  10:19  Probe (Chrono Boost)  
  101  10:20  Assimilator  
  103  10:27  Immortal  
  107  10:34  Stalker  
  107  10:35  Stalker  
  111  10:46  Probe (Chrono Boost)  
  111  10:47  Probe (Chrono Boost)  
  113  11:10  Immortal  
  117  11:21  Zealot  
  117  11:22  Zealot x2  
  117  11:23  Zealot x2  
  117  11:24  Zealot  
  127  11:29  Zealot  
  129  11:40  Pylon  
  129  11:42  Sentry  
  129  11:43  Sentry x3  
  129  11:45  Zealot  
  129  11:46  Zealot  
  141  12:02  Pylon  
  141  12:03  Pylon  
  141  12:06  Pylon  
  135  12:13  Zealot x3  
  125  12:21  Zealot  
  99  12:43  Sentry x5  
  99  12:44  Sentry x2  
  91  13:13  Zealot x4  
  91  13:14  Zealot x3  
  97  13:36  Zealot x2  
Show
View Real Time Build Order
Export as new Build Order

Xyphoss Terran 

Build Orders:  

Get SALT Encoding   

  12  0:01  SCV  
  13  0:13  SCV  
  14  0:19  Supply Depot  
  14  0:27  Refinery  
  14  0:31  SCV  
  15  0:44  Barracks  
  15  1:02  Barracks  
  15  1:13  Barracks  
  15  1:27  Refinery  
  15  1:31  Reaper  
  16  1:50  Reaper  
  17  2:01  Supply Depot  
  17  2:04  Reaper  
  18  2:10  Reaper  
  19  2:24  SCV  
  19  2:25  Reaper  
  21  2:46  Reaper x2  
  23  2:57  Reaper  
  24  3:15  SCV  
  24  3:18  Reaper  
  24  3:19  Supply Depot  
  26  3:28  SCV  
  27  3:40  Reaper x2  
  29  3:55  Orbital Command  
  29  3:56  Factory  
  29  4:13  Reaper x2  
  29  4:14  Reaper  
  32  4:45  Reaper x2  
  34  5:04  Reaper  
  35  5:07  Cyclone  
  38  5:17  Reaper, Supply Depot  
  38  5:20  Command Center  
  39  5:28  Reaper  
  36  5:48  Factory Tech Lab  
  36  6:00  Barracks Tech Lab  
  36  6:01  Barracks Reactor  
  36  6:04  SCV  
  37  6:07  Barracks Tech Lab  
  37  6:09  Siege Tank  
  39  6:29  Marauder x2  
  43  6:42  Marine x2  
  45  7:13  Marine  
  45  7:14  Marine x2  
  48  7:16  SCV x2  
  48  7:20  Concussive Shells  
  48  7:21  Marauder  
  52  7:28  SCV  
  53  7:30  SCV  
  53  7:32  Marauder  
  56  7:40  SCV  
  44  7:53  Stimpack  
  44  8:00  SCV x2  
  44  8:02  Barracks, Combat Shields  
  44  8:04  Barracks x2  
  46  8:09  Marine x3  
  51  8:13  Marauder  
  40  8:31  Marine x3  
  46  8:35  Siege Tank  
  46  8:38  Marine  
  47  8:42  SCV  
  47  8:44  Starport, SCV  
  49  8:48  Marine  
  50  8:56  Barracks Reactor  
  50  8:57  Barracks Tech Lab x2  
  50  8:59  Marauder  
  50  9:00  Marauder  
  54  9:13  Marine x2  
  56  9:30  Medivac  
  57  9:38  Marine x4  
  53  9:39  Marauder, Marine  
  53  9:40  Marauder  
  53  9:43  Marauder  
  53  9:45  SCV x2  
  55  9:48  Supply Depot  
  53  9:56  Marine x2  
  53  9:57  Marauder  
  53  9:59  Siege Tank  
  60  10:01  Marauder  
  60  10:03  Starport Reactor  
  62  10:08  Marauder  
  62  10:10  Marauder  
  66  10:15  Orbital Command  
  66  10:20  SCV  
  66  10:21  Marine  
  68  10:32  SCV  
  68  10:34  Marine x2  
  70  10:35  Marauder, Marine x2  
  72  10:43  Supply Depot  
  72  10:53  Marine x3  
  72  10:54  Marauder  
  77  11:03  Marauder x2  
  81  11:08  Supply Depot  
  81  11:15  Medivac  
  81  11:16  Medivac  
  81  11:18  Supply Depot  
  85  11:19  Marine  
  85  11:21  Marine  
  87  11:33  Marine x5  
  87  11:39  Marauder  
  94  11:47  Refinery  
  94  11:51  Refinery  
  94  11:53  Supply Depot  
  84  11:54  Marine x3  
  80  12:10  Marine  
  80  12:11  Marine x3  
  74  12:16  Marauder  
  74  12:21  Liberator  
  71  12:24  Marine  
  71  12:29  Marauder, Marine x3  
  77  12:30  Marine x2  
  77  13:01  Marine x3  
  77  13:02  Marauder, Marine  
  77  13:03  Marauder  
  71  13:15  Marauder x2  
Tags
 
Add a new tag
Caveats
  • Supply blocks, unpowered buildings, or Contaminate may cause inaccurate times.
  • Supply counts are checked every 10 seconds.